 Dungeon Crawl Stone Soup version 0.27-a0-887-gcab673c142 (webtiles) character file.

Game seed: 12050216615120344538

74 DarkShadow the Shield-Bearer (level 4, -1/35 HPs)
             Began as a Formicid Fighter on Apr 4, 2021.
             Succumbed to a goblin's poison
             ... on level 2 of the Dungeon.
             The game lasted 00:03:59 (2489 turns).

DarkShadow the Shield-Bearer (Formicid Fighter)     Turns: 2489, Time: 00:04:00

Health: -1/35      AC:  7    Str: 21    XL:     4   Next: 54%
Magic:  4/4        EV:  8    Int:  7    God:
Gold:   28         SH:  9    Dex: 11    Spells: 3/3 levels left

rFire    . . .     SeeInvis +   a - +0 trident
rCold    . . .     Faith    .   c - +0 kite shield
rNeg     . . .     Spirit   .   b - +0 scale mail
rPois    .         Reflect  .   (helmet unavailable)
rElec    .         Harm     .   (no cloak)
rCorr    .         Rampage  .   (no gloves)
Will     .....                  (no boots)
Stlth    ..........             (no amulet)
HPRegen  0.11/turn              (no ring)
MPRegen  0.09/turn              (no ring)

@: lethally poisoned (-1 -> -16)
A: permanent stasis, dig shafts and tunnels, antennae 3, four strong arms
a: Dig, Shaft Self


You were on level 2 of the Dungeon.
You visited 1 branch of the dungeon, and saw 2 of its levels.

You collected 28 gold pieces.

Inventory:

Hand Weapons
 a - a +0 trident (weapon)
Armour
 b - a +0 scale mail (worn)
 c - a +0 kite shield (worn)
Scrolls
 f - a scroll of identify {unknown}
 g - a scroll of magic mapping {unknown}
 i - a scroll of enchant armour {unknown}
Potions
 d - a potion of might
 e - a potion of curing {unknown}
 h - a potion of attraction {unknown}


   Skills:
 + Level 3.4 Fighting
 + Level 2.8 Polearms
 + Level 4.1 Armour
 + Level 0.2 Stealth
 + Level 4.4 Shields


You had 3 spell levels left.
You didn't know any spells.
Your spell library was empty.

Dungeon Overview and Level Annotations

Branches:
Dungeon (2/15)

Altars:


Innate Abilities, Weirdness & Mutations

You cannot be hasted, slowed, berserked, paralysed or teleported.
You can dig through walls and to a lower floor.
You have a pair of large antennae on your head. (SInv)
Your four strong arms can wield two-handed weapons with a shield.


Message History

You start resting.
A hobgoblin is nearby!
There is a stone staircase leading up here.
You start resting.
A hobgoblin is nearby!
The hobgoblin shouts!
You see here a hobgoblin corpse.
You closely miss the hobgoblin. The hobgoblin hits you.
You hit the hobgoblin.
You kill the hobgoblin!
You see here a hobgoblin corpse.
A goblin comes into view. It is wielding a +2 dagger of venom.
The goblin shouts!
The goblin moves out of view.
You see here a hobgoblin corpse.
You start resting.
A goblin is nearby!
You see here a hobgoblin corpse.
The goblin hits you but does no damage.
You are poisoned.
You completely miss the goblin.
You feel very sick. The goblin hits you but does no damage.
You are more poisoned.
The goblin hits you with a +2 dagger of venom.
You are lethally poisoned!
You closely miss the goblin.
You feel extremely sick.
The goblin hits you with a +2 dagger of venom.
You are more poisoned.
You hit the goblin.
The goblin is moderately wounded.
* * * LOW HITPOINT WARNING * * *
You feel extremely sick. You block the goblin's attack.
You puncture the goblin!
You kill the goblin!
* * * LOW HITPOINT WARNING * * *
You feel very sick.
You die...

...# #).##{{#
..... ##)##{##
#####.# ##
#((..# #
#.....#### ..
#...#.# #.#
(#...#.# ##..
.......## #..#
.........####.#
.... ..#@.....#
.... ..#......#
#†.....#
#...)†)#
#...†..#
#..†<..#
#......#
########


There were no monsters in sight!

Vanquished Creatures
  Robin (D:1)
  An adder (D:2)
  4 dart slugs
  3 ball pythons
  3 bats
  2 endoplasms
  7 goblins
  5 hobgoblins (D:2)
  3 jackals (D:1)
  7 kobolds
  A quokka (D:1)
  2 frilled lizards (D:2)
  5 rats
44 creatures vanquished.

Vanquished Creatures (others)
  A plant (D:1)
1 creature vanquished.

Grand Total: 45 creatures vanquished

Notes
Turn   | Place    | Note
-------+----------+-------------------------------------------
     0 | D:1      | DarkShadow the Formicid Fighter began the quest for the
                  | Orb.
     0 | D:1      | Reached XP level 1. HP: 18/18 MP: 1/1
   562 | D:1      | Reached XP level 2. HP: 24/24 MP: 2/2
  1067 | D:1      | Found a faded altar of an unknown god.
  1536 | D:2      | Reached XP level 3. HP: 24/29 MP: 3/3
  1974 | D:2      | Reached XP level 4. HP: 14/35 MP: 4/4
  2012 | D:2      | Noticed Robin
  2025 | D:1      | Killed Robin
  2292 | D:1      | You fall into a shaft and drop 1 floor!
  2489 | D:2      | Succumbed to a goblin's poison

Illustrated notes

Levels and vault maps discovered:
D:1:      kennysheep_arrival_seaside, layout_basic, basic_ecumenical_altar,
          st_stairs_12
D:2:      layout_rooms, kennysheep_generic_room_6, uniq_robin

Skill      XL: |  1  2  3 |
---------------+----------+-----
Shields        | 4 |  4.4
Armour         | 4 |  4.1
Fighting       | |  3.4
Polearms       | |  2.8
Stealth        | |  0.2

Action                   |  1- 3 |  4- 6 || total
-------------------------+-------+-------++-------
Melee: Trident           |   111 |    39 ||   150
 Abil: Dig               |     5 |       ||     5
       Shaft Self        |       |     1 ||     1
Armor: Scale mail        |    70 |    16 ||    86
Dodge: Dodged            |    42 |    16 ||    58
Block: Kite shield       |    75 |    22 ||    97

Table legend: (Time is in decaauts)
 A = Elapsed time spent in this place.
 B = Non-inter-level travel time spent in this place.
 C = Inter-level travel time spent in this place.
 D = Time resting spent in this place.
 E = Time spent auto-exploring this place.
 F = Levels seen in this place.
 G = Mean time per level.
                   A        B        C        D        E       F      G
               +--------+--------+--------+--------+--------+-----+--------+
         Total |   2544 |   2544 |      0 |   1011 |    946 |   2 | 1272.0 |
       Dungeon |   2544 |   2544 |      0 |   1011 |    946 |   2 | 1272.0 |
               +--------+--------+--------+--------+--------+-----+--------+

Top non-repeatable levels by time:
     D:1: 1849 daAuts
     D:2: 695 daAuts
